 Dungeon Crawl Stone Soup version 0.19.5 (webtiles) character file.

326 tof the Cudgeler (level 6, -1/56 HPs)
             Began as a Minotaur Berserker on Mar 9, 2017.
             Was a Priest of Trog.
             Slain by a gnoll
             ... wielding a +0 halberd
              (4 damage)
             ... on level 4 of the Dungeon.
             The game lasted 00:05:42 (2937 turns).

tof the Cudgeler (Minotaur Berserker)               Turns: 2937, Time: 00:05:42

Health: -1/56      AC:  9    Str: 19 (21) XL:     6   Next: 24%
Magic:  5/5        EV: 11    Int:  3 (6)  God:    Trog [***...]
Gold:   225        SH:  0    Dex: 11 (12) Spells: 0 memorised, 5 levels left

rFire  . . .     SeeInvis .     a - +0 mace
rCold  . . .     Gourm    .     e - +0 ring mail
rNeg   . . .     Faith    .     (no shield)
rPois  .         Spirit   .     (helmet restricted)
rElec  .         Reflect  .     p - +0 cloak
rCorr  .         Harm     .     (no gloves)
MR     ++...                    r - +1 pair of boots
Stlth  +.........               (no amulet)
                                (no ring)
                                (no ring)

@: regenerating
A: retaliatory headbutt, horns 2, clever 1, shaggy fur 1
a: Berserk, Trog's Hand, Burn Spellbooks, Renounce Religion


You were on level 4 of the Dungeon.
You worshipped Trog.
Trog was most pleased with you.
You were hungry.

You visited 1 branch of the dungeon, and saw 4 of its levels.

You collected 225 gold pieces.

Inventory:

Hand Weapons
 a - a +0 mace (weapon)
Armour
 b - a +0 animal skin
 e - a +0 ring mail (worn)
 p - a +0 cloak (worn)
 r - a +1 pair of boots (worn)
Jewellery
 o - a +5 ring of intelligence {unknown}
Wands
 d - a wand of confusion (27/48)
 A - a wand of teleportation (5/9)
Scrolls
 f - 2 scrolls of random uselessness {unknown}
 h - 3 scrolls of enchant weapon {unknown}
 i - 3 scrolls of amnesia {unknown}
 j - a scroll of teleportation {unknown}
 k - a scroll of fear {unknown}
 n - a scroll of remove curse {unknown}
 s - a scroll of magic mapping {unknown}
 v - 4 scrolls of identify {unknown}
 y - a scroll of noise {unknown}
Books
 w - a book of Maledictions

   Spells                             Type                      Level
   a - Corona                         Hexes                        1
   b - Ensorcelled Hibernation        Hexes/Ice                    2
   c - Confuse                        Hexes                        3
   d - Tukima's Dance                 Hexes                        3
   e - Dazzling Spray                 Conjuration/Hexes            3
   Trog disapproves of the use of such an item.
Comestibles
 c - 2 bread rations
 g - a meat ration
 m - a beef jerky
 B - a slice of pizza


   Skills:
 + Level 5.5 Fighting
 * Level 7.3 Maces & Flails
 - Level 2.4 Armour
 - Level 2.1 Dodging


You had 5 spell levels left.
You didn't know any spells.

Dungeon Overview and Level Annotations

Branches:
Dungeon (4/15)
 Temple: D:4-7

Altars:
Dithmenos
Fedhas
Hepliaklqana
Okawaru
Sif Muna
Trog
Vehumet


Innate Abilities, Weirdness & Mutations

You reflexively headbutt those who attack you in melee.
You have a pair of horns on your head.
Your mind is acute. (Int +2)
You are covered in fur. (AC +1)


Message History

The gnoll closely misses you. The ogre misses you.
You hit the ogre.
The ogre is moderately wounded.
The gnoll closely misses you. The gnoll hits you but does no damage.
The ogre hits you with a giant club!
You barely miss the ogre.
The ogre is moderately wounded.
The gnoll hits you from afar with a spear.
The gnoll hits you but does no damage. The ogre hits you with a giant club!!
* * * LOW HITPOINT WARNING * * *
You are too injured to fight recklessly!
You are too injured to fight recklessly!
You are too injured to fight recklessly!
You aren't carrying any potions.
Your skin crawls.
You feel resistant to hostile enchantments.
You are feeling hungry.
The gnoll barely misses you.
The gnoll hits you from afar with a halberd.
You die...

.#..#..###...##..........
.<..#..#.....##..........
...[#..#.#...##..........
##..#........##......O...
...........#.##..........
.#..#......#..#..........
.#...#.#..##..#g.g.......
.#####.#..##...#O########
.....#.#..##.#.#@#
.#####.#..##.#..(# #
...........#.##..############.#
##.........#.##.>.>............
.'.........+.########.........#
##.........### #......###
########### #..#'#..#
######'.#_#..####
#.......###......


You could see an ogre and 2 gnolls.

Vanquished Creatures
  A scorpion (D:4)
  An orc priest (D:3)
  Jessica (D:2)
  A hound skeleton (D:4)
  A worker ant zombie (D:3)
  Robin (D:2)
  5 adders
  3 gnolls
  An ooze (D:3)
  4 worms
  4 dart slugs (D:1)
  3 orcs (D:3)
  A ball python (D:1)
  10 bats
  5 giant cockroaches
  15 goblins
  7 hobgoblins
  6 jackals
  5 frilled lizards
  9 kobolds
  11 rats
95 creatures vanquished.

Notes
Turn   | Place    | Note
-------+----------+-------------------------------------------
     0 | D:1      | tof the Minotaur Berserker began the quest for the Orb.
     0 | D:1      | Reached XP level 1. HP: 19/19 MP: 0/0
    83 | D:1      | Reached skill level 4 in Maces & Flails
    83 | D:1      | Reached XP level 2. HP: 27/27 MP: 1/1
   290 | D:1      | Reached XP level 3. HP: 30/33 MP: 2/2
   476 | D:1      | Reached skill level 5 in Maces & Flails
   603 | D:2      | Found a blossoming altar of Fedhas.
   607 | D:2      | Reached ** piety under Trog
   664 | D:2      | Noticed Jessica
   668 | D:2      | Killed Jessica
   668 | D:2      | Reached XP level 4. HP: 32/41 MP: 3/3
   677 | D:2      | Found a deep blue altar of Sif Muna.
   713 | D:2      | Found a shadowy altar of Dithmenos.
   950 | D:2      | Noticed Robin
   962 | D:2      | Killed Robin
  1243 | D:2      | Found a faded altar of an unknown god.
  1243 | D:2      | Found a radiant altar of Vehumet.
  1248 | D:2      | Found a faded altar of an unknown god.
  1250 | D:2      | Found a faded altar of an unknown god.
  1252 | D:2      | Found a faded altar of an unknown god.
  1422 | D:2      | Reached skill level 6 in Maces & Flails
  1641 | D:3      | Reached XP level 5. HP: 47/47 MP: 4/4
  1649 | D:3      | Reached skill level 5 in Fighting
  1893 | D:3      | Noticed a moth of wrath
  1896 | D:3      | Found a bloodstained altar of Trog.
  1921 | D:3      | Reached *** piety under Trog
  2137 | D:3      | Found a faded altar of an unknown god.
  2190 | D:3      | Found an iron altar of Okawaru.
  2769 | D:3      | Gained mutation: Your mind is acute. (Int +2) [potion of mutation]
  2769 | D:3      | Gained mutation: You are covered in fur. (AC +1) [potion of mutation]
  2810 | D:4      | Reached skill level 7 in Maces & Flails
  2842 | D:4      | Found a hazy altar of Hepliaklqana.
  2882 | D:4      | Reached XP level 6. HP: 56/56 MP: 5/5
  2936 | D:4      | HP: 2/56 [ogre/giant club (23)]
  2937 | D:4      | Slain by a gnoll

Skill      XL: |  1  2  3  4  5 |
---------------+----------------+-----
Maces & Flails | 4 5 6 7 |  7.3
Fighting       | 4 5 |  5.5
Armour         | |  2.4
Dodging        | |  2.1

Action                   |  1- 3 |  4- 6 || total
-------------------------+-------+-------++-------
Melee: Mace              |    48 |   134 ||   182
       Headbutt          |     7 |    19 ||    26
Invok: Berserk           |       |     1 ||     1
       Trog's Hand       |       |     1 ||     1
  Use: Potion            |       |     7 ||     7
  Eat: Chunk             |       |     7 ||     7
Armor: Ring mail         |    20 |    57 ||    77
Dodge: Dodged            |    47 |    91 ||   138
